cohdb
Replays
Latest Replays
All Replays
Popular Replays
Top Player Replays
Match Explorer
How It Works
Community
CoH3 Stats
Reddit
Sign in to upload your games and track your stats! →
Sign in with Steam
Match 40155719
Unlisted
Match 40155719
Overview
Messages
Build Orders
End
Vickers Machine Gun Team
Construct Section Command Post
Selects Canadian Shock Battlegroup
Dingo Light Scout Car
Infantry Section
Infantry Section
Selects Offensive Resupply
Selects Canadian Shock Section
Canadian Shock Section
Grenade Package
Construct Field Infirmary
Selects Incendiary Munitions
Construct Platoon Command Post
6-pounder Anti-tank Gun Team
Unlock Bishop Self-propelled Artillery
Infantry Training
Bishop Self-propelled Artillery
Selects Pyrotechnics
Canadian Shock Section
Selects Point Assault
Point Assault
Construct Company Command Post
Matilda II Heavy Tank
Point Assault
Bia Bia Bia
돈이사라지는마술
Dream to meet Huri
Agua de Jamaica
Ani Nega Gojarane!
Waffles
FoxOnTheFront
YangXYZ
0
0
Comments
sign in to comment!
No comments posted yet!